 Dungeon Crawl Stone Soup version 0.21.1-1-g345015fe64 (webtiles) character file.

576 Ivernyr the Shooter (level 7, -7/58 HPs)
             Began as a Centaur Arcane Marksman on Mar 27, 2018.
             Mangled by a worm (8 damage)
             ... on level 5 of the Dungeon on Mar 28, 2018.
             The game lasted 00:52:34 (7544 turns).

Ivernyr the Shooter (Centaur Arcane Marksman)       Turns: 7544, Time: 00:52:34

Health: -7/58      AC:  5    Str: 12    XL:     7   Next: 13%
Magic:  0/8        EV: 10    Int: 12    God:
Gold:   218        SH:  0    Dex: 12    Spells: 4/8 levels left

rFire    . . .     SeeInvis .   (no weapon)
rCold    . . .     Gourm    .   (no shield)
rNeg     . . .     Faith    .   e - +0 robe
rPois    .         Spirit   +   (no helmet)
rElec    .         Reflect  .   (no cloak)
rCorr    .         Harm     .   b - +0 pair of gloves
MR       +....                  (no barding)
Stlth    +.........             q - amulet of guardian spirit
HPRegen  0.19/turn              g - ring of protection from magic
MPRegen  0.11/turn              s - ring of wizardry

@: starving, very quick
A: large, hooves 3, deformed body, speed 2, tough skin 3
a: no special abilities


You were on level 5 of the Dungeon.
You were starving.

You visited 1 branch of the dungeon, and saw 5 of its levels.

You collected 218 gold pieces.

Inventory:

Hand Weapons
 a - a +0 shortbow
Missiles
 d - 37 arrows
Armour
 b - a +0 pair of gloves (worn)
 e - a +0 robe (worn)
Jewellery
 g - a ring of protection from magic (left hand)
 j - an uncursed ring of protection from magic
 q - an amulet of guardian spirit (around neck)
 s - a ring of wizardry (right hand)
 t - an uncursed ring of resist corrosion
Wands
 l - a wand of iceblast (5)
Scrolls
 h - a scroll of blinking
 k - 4 scrolls of fear
 o - 2 scrolls of immolation
 p - a scroll of enchant weapon {unknown}
 r - 2 scrolls of remove curse {unknown}
 u - 2 scrolls of identify
Potions
 i - a potion of flight {unknown}
 m - a potion of curing {unknown}
 n - 3 potions of might
 v - a potion of brilliance {unknown}
Books
 c - a book of Debilitation

   Spells                             Type                      Level
   a - Corona                         Hexes                        1
   b - Slow                           Hexes                        2
   c - Inner Flame                    Hexes/Fire                   3
   d - Portal Projectile              Hexes/Translocation          3
   e - Cause Fear                     Hexes                        4
   f - Leda's Liquefaction            Hexes/Earth                  4
Comestibles
 f - 4 rations


   Skills:
 + Level 3.7 Fighting
 * Level 7.6 Bows
 - Level 1.3 Dodging
 - Level 1.0 Spellcasting
 + Level 4.3 Hexes


You had 4 spell levels left.
You knew the following spells:

 Your Spells              Type           Power        Failure   Level  Hunger
a - Corona                Hex            ##.....      1%          1    ##.....
b - Portal Projectile     Hex/Tloc       #.....       16%         3    ####...


Dungeon Overview and Level Annotations

Branches:
Dungeon (5/15)             Temple (0/1) D:5

Altars:
Makhleb
Sif Muna
Trog

Annotations:
D:2 Sigmund


Innate Abilities, Weirdness & Mutations

You have hooves in place of feet.
Armour fits poorly on your strangely shaped body.
You cover ground very quickly.
You have extremely tough skin. (AC +3)


Message History

The worm is severely wounded.
You barely miss the worm.
The worm is severely wounded.
The worm bites you.
You hit the worm but do no damage.
The worm is severely wounded.
The worm bites you!
* * * LOW HITPOINT WARNING * * *
You hit the worm but do no damage. Your kick misses the worm.
The worm is severely wounded.
You hit the worm but do no damage.
The worm is severely wounded.
The worm bites you!
* * * LOW HITPOINT WARNING * * *
You hit the worm but do no damage. Your kick misses the worm.
The worm is heavily wounded.
You hit the worm but do no damage. You kick the worm, but do no damage.
The worm is heavily wounded.
The worm bites you!
You die...

##=..## ##...........
##.....## #............
#.......# ##%..........
#.......####...........
#..................#...
*#.............###.....
##.....................
#.....w........#..###..
#.....@.######.##......
#.......####...######..
##.....##....#####**#.#
##$%.###.####...,,...#
####*##.####.#**#####
#..#....#####
###.###.#.....##
#...##..#####..###
#.##....# ##....


You could see a worm.

Vanquished Creatures
  Menkaure (D:5)
  An ogre (D:4)
  A hound (D:4)
  A bullfrog skeleton (D:5)
  Jessica (D:3)
  Ijyb (D:3)
  2 worker ants (D:4)
  3 gnolls
  7 adders
  4 oozes
  3 adder skeletons
  3 worms
  2 dart slugs
  2 leopard geckos
  An orc (D:3)
  7 bats
  4 giant cockroaches
  13 goblins
  5 hobgoblins
  6 jackals
  5 quokkas
  2 ball pythons (D:5)
  4 frilled lizards
  12 kobolds
  A quokka skeleton (D:4)
  14 rats
106 creatures vanquished.

Notes
Turn   | Place    | Note
-------+----------+-------------------------------------------
     0 | D:1      | Ivernyr the Centaur Arcane Marksman began the quest for the Orb.
     0 | D:1      | Reached XP level 1. HP: 16/16 MP: 2/2
    21 | D:1      | Reached skill level 3 in Bows
    56 | D:1      | Reached XP level 2. HP: 9/23 MP: 3/3
  1196 | D:1      | Reached XP level 3. HP: 25/28 MP: 4/4
  1316 | D:1      | Reached skill level 4 in Bows
  2451 | D:2      | Reached XP level 4. HP: 34/36 MP: 5/5
  3300 | D:2      | Noticed Sigmund
  3784 | D:3      | Noticed Ijyb
  3827 | D:3      | Killed Ijyb
  3827 | D:3      | Reached skill level 5 in Bows
  3998 | D:3      | Reached XP level 5. HP: 42/42 MP: 6/6
  4133 | D:3      | Noticed Jessica
  4142 | D:3      | Killed Jessica
  4294 | D:3      | Found a bloodstained altar of Trog.
  4442 | D:4      | Found a deep blue altar of Sif Muna.
  5377 | D:4      | Noticed an ogre
  5453 | D:4      | Killed an ogre
  5453 | D:4      | Reached skill level 6 in Bows
  5453 | D:4      | Reached XP level 6. HP: 40/51 MP: 7/7
  5563 | D:4      | Learned a level 3 spell: Portal Projectile
  5991 | D:5      | Entered Level 5 of the Dungeon
  6049 | D:5      | Noticed Menkaure
  6624 | D:5      | Found a glowing drain.
  6991 | D:5      | Reached skill level 7 in Bows
  7023 | D:5      | Killed Menkaure
  7023 | D:5      | Reached XP level 7. HP: 17/58 MP: 0/8
  7467 | D:5      | Found a burning altar of Makhleb.
  7467 | D:5      | Noticed a balrug
  7542 | D:5      | HP: 1/58 [worm (8)]
  7544 | D:5      | Mangled by a worm

Skill      XL: |  1  2  3  4  5  6 |
---------------+-------------------+-----
Bows           | 3 4 5 6 7 |  7.6
Hexes          | 3 4 |  4.3
Fighting       | 2 3 |  3.7
Dodging        | |  1.3
Spellcasting   | |  1.0

Action                   |  1- 3 |  4- 6 |  7- 9 || total
-------------------------+-------+-------+-------++-------
Melee: Unarmed           |   226 |   249 |    79 ||   554
       Kick              |    38 |    63 |    15 ||   116
 Fire: Shortbow          |    23 |    93 |       ||   116
 Cast: Corona            |     1 |    17 |     1 ||    19
       Portal Projectile |       |     2 |       ||     2
  Use: Scroll            |       |     5 |       ||     5
  Eat: Chunk             |     5 |    12 |       ||    17
Armor: Robe              |    93 |    86 |    14 ||   193
Dodge: Dodged            |   112 |   154 |    44 ||   310
